[Event "21st RLP-Seniors Open 2024"]
[Site "Altenkirchen Ww"]
[Date "2024.09.05"]
[Round "3.1"]
[White "Boidman, Yuri"]
[Black "Schott, Guido"]
[Result "1-0"]
[Annotator "TA"]
[ECO "B10"]
[WhiteElo "2245"]
[BlackElo "2044"]
[PlyCount "83"]
[EventDate "2024.09.02"]
[EventType "swiss"]
[EventCountry "GER"]
[SourceTitle "playchess.com"]
[Source "ChessBase"]
[SourceQuality "1"]
[TimeControl "40/5400+30:1800+30"]

1. e4 c6 2. c4 d5 3. cxd5 cxd5 4. exd5 Nf6 5. Qa4+ Nbd7 6. Nc3 g6 7. Nf3 Bg7 8. Bc4 O-O 9. d3 a6 {[%emt 0:14:20] ...b5 is the strong threat.} 10. Qa3 {[%emt 0:00:15] The position is equal.} Nb6 11. Qb3 Nxc4 12. dxc4 e6 13. O-O exd5 14. cxd5 Bg4 ({Black should try} 14... b5 $14) 15. Ne5 $16 Qd6 16. Nc4 Qc7 17. Nb6 Rae8 18. Be3 Bf5 {[%emt 0:08:19] And now ...Ng4 would win.} 19. Ne2 (19. Rad1 $16) 19... Rxe3 20. fxe3 (20. Qxe3 $2 Ng4 21. Qh3 Qxb6 $19) 20... Ng4 21. g3 ({Better is} 21. Ng3 $16) 21... Re8 $11 22. Rf3 Qe5 23. Rd1 (23. Rc1 $11) 23... Be4 {[%emt 0:12:17] A strong pair of Bishops.} (23... Nxe3 $17 24. Rd2 Qe4 25. Qxe3 Qb1+ (25... Qxe3+ 26. Rxe3 Rxe3 27. Kf2 $17) 26. Rf1 Rxe3 27. Rxb1 Bxb1) 24. Rf4 Qh5 (24... Qxb2 $2 25. Qxb2 Bxb2 26. Rxg4 $18) 25. h4 {[%emt 0:00:13] Qa4 would now be deadly.} g5 26. Qa4 f5 {[%emt 0:00:46] Threatens to win with ...Bc2.} (26... gxf4 $2 27. Qxe8+ Bf8 28. Nd7 $18 (28. Qxe4 Nh6 $18) (28. exf4 $2 Nf6 $19) (28. Nxf4 Qe5 $18)) 27. Rxg4 fxg4 (27... Rf8 $1 $11 {remains equal.} 28. Rxe4 (28. Rxg5 Qxe2 29. Rxg7+ Kh8) 28... fxe4) 28. d6 $16 Bf3 {[%emt 0:03:11] [#]} (28... gxh4 $2 29. d7 Bc6 30. Qc4+ (30. dxe8=B Bxa4 31. Bxh5 Bxd1 $18) (30. dxe8=Q+ Qxe8 31. Qf4 h3 $18) 30... Kh8 31. d8=Q $18 (31. dxe8=B Qxe8 32. Qf4 h3 $18)) 29. d7 $1 {[%emt 0:03:37] White is more active.} Rd8 {[%emt 0:00:59] [#]} 30. Qc4+ {[%emt 0:05:14] Dancing on a razor blade.} (30. Rc1 $1 $16 Bc6 (30... Bxe2 $2 31. Rc8 $18) 31. Qc4+ Qf7 (31... Kh8 $2 32. Qe6 $18) 32. Qxg4 (32. hxg5 Bxb2 33. Qxf7+ Kxf7 $11)) 30... Qf7 $1 $11 31. Qc7 (31. hxg5 $2 Qxc4 (31... Bxb2 32. Rd2 $16) 32. Nxc4 Bxe2 $19) (31. Qxf7+ $11 Kxf7 32. Rd2) 31... Qe7 32. Qc4+ (32. Nd5 $11 Bxd5 33. Rxd5 Qxe3+ 34. Kf1 Qf3+ 35. Kg1 Qe3+ 36. Kf1 Qf3+ 37. Kg1 Qe3+) 32... Kh8 $17 33. Kf2 (33. Nd5 $17 Qf7 (33... Rxd7 $2 34. Nxe7 Rxd1+ 35. Kf2 $18) (33... Qxd7 34. Ndc3 $11) 34. hxg5) 33... gxh4 $19 (33... Bxb2 34. hxg5 Bg7 (34... Be5 35. Rc1 $14) 35. Qf4 $11) 34. Rd4 Qf6 $2 (34... h3 $19 {has better winning chances.} 35. b4 h2) 35. Qc7 $17 hxg3+ 36. Nxg3 Qh4 (36... Bc6+ $17 37. Ke1 Qg5 38. Rxg4 Qxe3+ 39. Ne2 Bf6) 37. Rc4 $2 (37. Qf4 $11) 37... Rf8 $2 (37... Bxb2 38. Kg1 $11) (37... Qh2+ $19 38. Ke1 Bf6 (38... Qg1+ 39. Nf1 $11)) 38. Ke1 (38. Kg1 $11 {keeps the balance.}) 38... Qh2 $2 (38... Bxb2 $2 39. Qd6 Rd8 40. Rc8 $18) (38... Bc6 $17 39. a4 Bxb2) 39. d8=Q $18 {[%emt 0:00:39][%cal Oc7g7] White threatens Qxg7+! and mate.} (39. d8=B $2 Qg1+ (39... Qxb2 40. Nd7 $17) 40. Nf1 Be4 $19 (40... Bxb2 $2 41. Qd6 $18) (40... Bxb2 $2 41. Qd6 $18)) 39... Qg1+ 40. Nf1 {[%emt 0:00:32][%cal Oc4f4] Rf4! would kill now.} Bc6 {[%emt 0:01:21] [#]} 41. Qxf8+ $3 Bxf8 42. Qc8 {[%emt 0:01:21] Never resign too early!   Weighted Error Value: White=0.47/Black=0.57.  Loses game:     	White=2     	Black=1      Missed win:     	---       	Black=1      Mistake:       	White=7     	Black=4      Inaccurate:     	---       	Black=5      OK:         	White=7     	Black=9      Best:        	White=4     	Black=3      Strong:       	White=1     	Black=1} (42. Rf4 $142 Bb4+ 43. Rxb4 Kg8 44. Rf4 Qxf1+ 45. Kxf1 (45. Rxf1 Bf3 46. Qe7 h6 47. Nd7 g3 48. Nf6+ Kh8 49. Qh7#) 45... Bb5+ 46. Kg1 Bd7 47. Qxd7 (47. Nxd7 Kg7 48. Qe5+ Kh6 49. Qf6+ Kh5 50. Rf5#) (47. Qd8+ Be8 48. Qe7 Bf7 49. Qxf7+ Kh8 50. Qf8#) 47... h6 48. Qe7 Kh8 49. Rf8#) 1-0

[Event "21st RLP-Seniors Open 2024"]
[Site "Altenkirchen Ww"]
[Date "2024.09.05"]
[Round "3.2"]
[White "Biegel, Thomas"]
[Black "Rooze, Jan"]
[Result "1/2-1/2"]
[Annotator "RC"]
[ECO "E11"]
[WhiteElo "2013"]
[BlackElo "2235"]
[PlyCount "78"]
[EventDate "2024.09.02"]
[EventType "swiss"]
[EventCountry "GER"]
[SourceTitle "playchess.com"]
[Source "ChessBase"]
[SourceQuality "1"]
[TimeControl "40/5400+30:1800+30"]

1. d4 Nf6 2. c4 e6 3. Nf3 d5 4. g3 Bb4+ 5. Bd2 Be7 6. Bg2 O-O 7. O-O c6 8. Qc2 Nbd7 9. Rd1 Ne4 10. Nc3 Nxd2 11. Nxd2 f5 12. e3 Kh8 13. Ne2 g5 14. Rab1 a5 15. a3 Bd6 16. c5 Bc7 17. f4 Nf6 18. b4 axb4 19. axb4 Bd7 20. Ra1 Qe7 21. Qc3 Ne4 22. Nxe4 fxe4 23. Rxa8 Rxa8 24. Ra1 Rxa1+ 25. Qxa1 gxf4 26. Qa8+ Qd8 27. Qxd8+ Bxd8 28. exf4 b6 29. Kf2 bxc5 30. bxc5 Kg7 31. Ke3 Kf7 32. Bf1 Ba5 33. Nc1 Bc8 34. Nb3 Bc3 35. Be2 Ke7 36. Bf1 h6 37. Be2 Bd7 38. Ba6 Be8 39. Be2 Be1 1/2-1/2

[Event "21st RLP-Seniors Open 2024"]
[Site "Altenkirchen Ww"]
[Date "2024.09.05"]
[Round "3.3"]
[White "Meyer, Armin"]
[Black "Sicker, Rolf"]
[Result "1/2-1/2"]
[Annotator "TA"]
[ECO "A11"]
[WhiteElo "2195"]
[BlackElo "1993"]
[PlyCount "35"]
[EventDate "2024.09.02"]
[EventType "swiss"]
[EventCountry "GER"]
[SourceTitle "playchess.com"]
[Source "ChessBase"]
[SourceQuality "1"]
[TimeControl "40/5400+30:1800+30"]

1. Nf3 d5 2. c4 e6 3. e3 c6 4. Nc3 Nf6 5. b3 Nbd7 6. Qc2 b6 7. cxd5 exd5 8. Bb2 {[%emt 0:01:21] The position is equal.} Bb7 9. d4 Bd6 10. Bd3 Qe7 11. Rd1 Rc8 12. O-O {[%emt 0:06:25] Rfe1 is the strong threat.} O-O 13. Bf5 Rfe8 14. Ne2 g6 15. Bh3 Ne4 16. g3 f5 17. Bg2 Ba6 18. Ne1 {[%emt 0:19:06] Weighted Error Value: White=0.16 (very precise) /Black=0.07 (flawless) .  Mistake:       	White=1     	---        Inaccurate:     	White=4     	Black=2      OK:         	White=4     	Black=4      Best:        	---       	Black=1} (18. Rc1 $17) 1/2-1/2

[Event "21st RLP-Seniors Open 2024"]
[Site "Altenkirchen Ww"]
[Date "2024.09.05"]
[Round "3.4"]
[White "Bohnstorff, Michael"]
[Black "Heck, Norbert"]
[Result "1/2-1/2"]
[Annotator "RC"]
[ECO "A48"]
[WhiteElo "1998"]
[BlackElo "2112"]
[PlyCount "29"]
[EventDate "2024.09.02"]
[EventType "swiss"]
[EventCountry "GER"]
[SourceTitle "playchess.com"]
[Source "ChessBase"]
[SourceQuality "1"]
[TimeControl "40/5400+30:1800+30"]

1. d4 Nf6 2. Nf3 g6 3. Bf4 Bg7 4. Nbd2 d5 5. e3 O-O 6. h3 c5 7. Be2 Nc6 8. c3 Qb6 9. Qb3 c4 10. Qa3 Re8 11. b3 cxb3 12. axb3 Ne4 13. Nxe4 dxe4 14. Nd2 e5 15. Nc4 1/2-1/2

[Event "21st RLP-Seniors Open 2024"]
[Site "Altenkirchen Ww"]
[Date "2024.09.05"]
[Round "3.5"]
[White "Walther, Reinhard"]
[Black "Geyer, Bernhard"]
[Result "0-1"]
[Annotator "TA"]
[ECO "A45"]
[WhiteElo "1983"]
[BlackElo "2096"]
[PlyCount "34"]
[EventDate "2024.09.02"]
[EventType "swiss"]
[EventCountry "GER"]
[SourceTitle "playchess.com"]
[Source "ChessBase"]
[SourceQuality "1"]
[TimeControl "40/5400+30:1800+30"]

1. d4 Nf6 2. Bg5 d6 3. Nc3 Nbd7 4. e4 c5 5. Nf3 cxd4 6. Qxd4 a6 7. Rd1 (7. Bxf6 $14 {feels stronger.} Nxf6 8. O-O-O) 7... e5 8. Qa4 (8. Qe3 $1 $14) 8... Rb8 $1 $11 9. Bd3 (9. Bxf6 $11 Qxf6 10. Nd5) 9... b5 $17 10. Qb3 {[%emt 0:00:15] [#] Loses the game.} (10. Bxf6 $17 {was called for.} gxf6 11. Nxb5 axb5 12. Bxb5) 10... Nc5 $19 11. Bxf6 gxf6 12. Qb4 d5 $1 {[%emt 0:02:22] aiming for ...Nxd3+.} 13. Bxb5+ (13. O-O $142 Nxd3 14. Qb3) 13... axb5 {[%emt 0:00:35] Black is clearly winning.} 14. Nxd5 {[%emt 0:06:18] [#]} Nd3+ $1 15. Rxd3 {[%emt 0:00:13] Qc3 would now be deadly.} Bxb4+ 16. Nxb4 Qa5 17. c3 Bb7 {[%emt 0:00:21] Weighted Error Value: White=0.77/Black=0.06 (flawless) .  Loses game:     	White=1     	---        Mistake:       	White=4     	---        Inaccurate:     	---       	Black=2      OK:         	White=2     	Black=3      Best:        	---       	Black=2      Strong:       	---       	Black=2      Brilliant:      	---       	Black=1} 0-1

[Event "21st RLP-Seniors Open 2024"]
[Site "Altenkirchen Ww"]
[Date "2024.09.05"]
[Round "3.7"]
[White "Siebenhaar, Erich"]
[Black "Kripp, Wolfgang"]
[Result "1/2-1/2"]
[Annotator "TA"]
[ECO "D00"]
[WhiteElo "2087"]
[BlackElo "1980"]
[PlyCount "28"]
[EventDate "2024.09.02"]
[EventType "swiss"]
[EventCountry "GER"]
[SourceTitle "playchess.com"]
[Source "ChessBase"]
[SourceQuality "1"]
[TimeControl "40/5400+30:1800+30"]

1. Nc3 d5 2. d4 Nf6 3. Bf4 Bf5 4. e3 e6 5. f3 Bd6 6. g4 Bxf4 7. exf4 Bg6 8. h4 {[%emt 0:00:41] Black must now prevent h5. The position is equal.} h5 {[%emt 0:00:59] [#]} 9. f5 $1 exf5 10. g5 Ng8 11. Qe2+ {[%emt 0:02:18][%mdl 1024] White has compensation.} Ne7 12. Qb5+ Nbc6 {[%emt 0:01:23] Threatening ...a6.} 13. O-O-O Qd6 14. Nge2 O-O-O {[%emt 1:02:03] Weighted Error Value: White=0.08 (flawless) /Black=0.03 (flawless) .  Inaccurate:     	White=2     	---        OK:         	White=2     	Black=6      Best:        	---       	Black=1      Brilliant:      	White=1     	---} 1/2-1/2

[Event "21st RLP-Seniors Open 2024"]
[Site "Altenkirchen Ww"]
[Date "2024.09.05"]
[Round "3.9"]
[White "Vautrin, Stefan"]
[Black "Meyer, Dieter"]
[Result "0-1"]
[Annotator "TA"]
[ECO "A01"]
[WhiteElo "2074"]
[BlackElo "1917"]
[PlyCount "97"]
[EventDate "2024.09.02"]
[EventType "swiss"]
[EventCountry "GER"]
[SourceTitle "playchess.com"]
[Source "ChessBase"]
[SourceQuality "1"]
[TimeControl "40/5400+30:1800+30"]

1. b3 Nc6 2. d4 e6 3. Nf3 Nf6 4. e3 b6 5. Bb2 Bb7 6. Nbd2 Be7 7. a3 O-O 8. Bd3 {[%emt 0:00:45] White has an edge.} Rc8 {[%emt 0:04:44] [#]} 9. g4 Nxg4 $15 10. h3 (10. Rg1 $15 f5 11. h3) 10... Nh6 11. Rg1 {[%emt 0:01:58][%cal Od4d5] Black must now prevent d5!} g6 12. Qe2 Bf6 13. Ne4 (13. h4 $11 {remains equal.}) 13... Bg7 $17 14. h4 f5 (14... Na5 $15 15. h5 Bxe4 16. Bxe4 d5) 15. Neg5 $11 {[%emt 0:01:13][%cal Oh4h5][%mdl 1024] White has compensation.} Ng4 16. O-O-O $1 Qe7 17. Nh3 d5 {[%emt 0:09:03] [#]} (17... e5 $11 {keeps the balance.}) 18. h5 $1 e5 19. dxe5 (19. Nxe5 {feels hotter.} Ncxe5 20. dxe5 Bxe5 21. hxg6 hxg6 22. Nf4) 19... Ncxe5 20. Nxe5 Nxe5 (20... Bxe5 $16 {is a better defense.} 21. hxg6 hxg6 (21... Bxb2+ $2 22. Kxb2 h6 23. Kb1 $18)) 21. hxg6 $18 hxg6 22. Nf4 $1 g5 (22... Qd6 $142 23. Ba6 (23. Bxe5 Qxe5 24. Qf3 Qb2+ 25. Kd2 c5 $18) 23... Bxa6 24. Qxa6 c6 25. Qxa7 (25. Bxe5 Qxe5 26. Nxg6 Qb2+ 27. Kd2 Rce8 $16) 25... Rf6 26. Qxb6 Ng4 27. Bxf6 Qxa3+ 28. Kd2 Bxf6) 23. Nh5 $2 (23. Qh5 $1 $18 {and the rest is easy.} Nxd3+ (23... gxf4 $2 24. Bxf5 Rxf5 25. Qxf5 $18) 24. Rxd3 Bxb2+ 25. Kxb2) 23... Nxd3+ $16 24. Qxd3 (24. Rxd3 Bxb2+ 25. Kxb2 Ba6 $17) 24... Bxb2+ 25. Kxb2 {[%emt 0:00:06] f4 is the strong threat.} c5 (25... Rf7 $1 $14) 26. Rde1 $2 (26. f4 $18 c4 (26... g4 $2 27. Rxg4+ fxg4 28. Qg6+ Kh8 29. Rh1 $18) 27. bxc4 (27. Rxg5+ $2 Qxg5 28. Qd4 Qg4 $19) (27. Qd4 g4 $11) 27... dxc4 28. Qd7 (28. Rxg5+ $2 Qxg5 29. Qd7 Qg6 $19) (28. Qc3 g4 $18)) 26... a5 (26... Rf7 $11) 27. Qd1 (27. Qd2 $1 $16 c4 28. Qd4 cxb3 29. Qf4 (29. cxb3 Rc6 $14) 29... Rxc2+ 30. Kxb3 Rc3+ 31. Kxc3 Qxa3+ 32. Kd2 Qb2+ 33. Kd1 Qb3+ 34. Kd2 Qa2+ 35. Kd1 Qb3+ 36. Kd2 Qb2+ 37. Kd1 Qb1+ 38. Kd2 Qb2+) 27... Kf7 $11 28. Ka2 Rg8 (28... a4 $15) 29. Ng3 (29. Nf4 $5) 29... Qe5 (29... Qe6 $11) 30. Qh5+ (30. Rh1 $16) 30... Ke6 31. f4 (31. Qh7 $1 $16 Qg7 32. Qxf5+ Kd6 33. Rh1) 31... Qf6 $1 {[%emt 0:00:40] Dancing on a razor blade.} 32. fxg5 Rxg5 33. Qh7 Rg7 (33... Qg7 $1 $11 34. Qh2 Qh8) 34. Qh3 (34. Qh2 $1 $16 Rgg8 35. Ref1) 34... Rf8 $2 (34... c4 $11 35. Ne2 Rxg1 (35... cxb3+ 36. Kxb3 Rxg1 37. Rxg1 $11) 36. Rxg1 Rh8) 35. Nh5 $18 Rxg1 36. Rxg1 Qc3 37. Nf4+ $2 (37. Qh2 $18 {Strongly threatening Rg6+.} Rh8 38. Rg6+ (38. Rg7 Rxh5 39. Rg6+ Kf7 $11) 38... Kd7 39. Qd6+ (39. Rxb6 Kc8 $11) 39... Kc8 40. Kb1 Qe1+ 41. Kb2) 37... Kd7 $14 {[%emt 0:00:27] [#]} 38. Qh7+ ({White should play} 38. Kb1 $1 $16 {Threatens to win with Qh7+.} Qh8 39. Qf3) 38... Kc8 $11 39. Kb1 a4 $2 (39... Qxe3 $11 40. Rg7 Qxf4 41. Rxb7 Qd6) 40. Qe7 $2 (40. bxa4 Qh8 41. Qxh8 Rxh8 $16) ({Better is} 40. Rg7 $18 {Intending Rc7+ and mate.} Qxg7 41. Qxg7) 40... Rh8 $2 (40... Qf6 $11 41. Qxf6 Rxf6) 41. bxa4 (41. Ne2 $142 Qe1+ 42. Rxe1) 41... Bc6 {[%emt 0:04:38] [#]} (41... Kb8 $142 42. Ne2 Qxa3) 42. Qe6+ $2 (42. Ne2 $1 $18 Qxa3 43. Qf6 Qb4+ 44. Kc1) 42... Kb7 43. Nxd5 Qxa3 $40 {[%emt 0:00:43][%mdl 128] Black attacks.} 44. Qf7+ Ka6 {[%emt 0:01:01] aiming for ...Rh4.} 45. Nc7+ Ka5 46. Qf6 {[%emt 0:00:46] Prevents Rh4.} (46. Nd5 $15 Bxd5 (46... Qxa4 47. Qa7+ Kb5 48. Nc3+ Kb4 49. Nxa4 Bxa4 50. Qxb6+ Kc4 51. Rf1) 47. Qxd5) 46... Rh2 $19 ({Not} 46... Qxe3 47. Qxc6 Qxg1+ 48. Ka2 $11) 47. Qxc6 (47. Qb2 $19 Qxa4 (47... Qxe3 $2 48. Rf1 $19) 48. Qc3+ Qb4+ 49. Qxb4+ Kxb4 50. Rg6) 47... Qb4+ 48. Kc1 Qd2+ 49. Kb1 {[%emt 0:03:15] Weighted Error Value: White=1.01/Black=0.49.  Loses game:     	White=1     	Black=3      Missed win:     	White=3     	---        Mistake:       	White=8     	Black=10     Inaccurate:     	White=4     	Black=3      OK:         	White=10    	Black=9      Best:        	White=1     	Black=8      Strong:       	White=2     	Black=1} 0-1